 Dungeon Crawl Stone Soup version 0.23.2-33-g5129a83184 (webtiles) character file.

Game seed: 4270692187936257614

44 funkygono the Grave Robber (level 3, 0/24 HPs)
             Began as a Demonspawn Necromancer on July 20, 2019.
             Slain by a giant cockroach (2 damage)
             ... on level 2 of the Dungeon.
             The game lasted 00:03:17 (1375 turns).

funkygono the Grave Robber (Demonspawn Necromancer) Turns: 1375, Time: 00:03:18

Health: 0/24       AC:  2    Str:  8    XL:     3   Next: 39%
Magic:  1/6        EV: 12    Int: 17    God:
Gold:   24         SH:  0    Dex: 13    Spells: 4/6 levels left

rFire    . . .     SeeInvis .   f - +0 club
rCold    . . .     Gourm    .   (no shield)
rNeg     . . .     Faith    .   a - +0 robe
rPois    +         Spirit   .   (helmet restricted)
rElec    .         Reflect  .   (no cloak)
rCorr    .         Harm     .   (no gloves)
MR       .....     Rnd*Tele +   (no boots)
Stlth    ++........             (no amulet)
HPRegen  0.08/turn              i - ring of teleportation (curse)
MPRegen  0.10/turn              k - ring of poison resistance

@: no status effects
A: antennae 1
a: no special abilities


You were on level 2 of the Dungeon.
You were not hungry.

You visited 1 branch of the dungeon, and saw 2 of its levels.

You collected 24 gold pieces.

Inventory:

Hand Weapons
 f - a +0 club (weapon)
 h - a +0 whip
Missiles
 g - 54 stones (quivered)
Armour
 a - a +0 robe (worn)
Jewellery
 i - a cursed ring of teleportation (left hand)
 k - a ring of poison resistance (right hand)
Scrolls
 j - a scroll of fear {unknown}
Potions
 b - 2 potions of mutation {unknown}
 e - a potion of haste {unknown}
 l - a potion of agility {unknown}
Comestibles
 c - 4 rations
 d - a chunk of flesh


   Skills:
 + Level 1.8 Dodging
 + Level 2.0 Stealth
 + Level 2.3 Spellcasting
 + Level 5.3 Necromancy


You had 4 spell levels left.
You knew the following spells:

 Your Spells              Type           Power        Failure   Level  Hunger
a - Pain                  Necr           ###.         1%          1    #......
b - Animate Skeleton      Necr           N/A          1%          1    #......

Your spell library contained the following spells:

 Spells                   Type           Power        Failure   Level  Hunger
 Vampiric Draining        Necr           ###.......   6%          3    ###....
 Regeneration             Chrm/Necr      ##........   19%         3    ###....
 Animate Dead             Necr           N/A          21%         4    #####..


Dungeon Overview and Level Annotations

Branches:
Dungeon (2/15)

Altars:


Innate Abilities, Weirdness & Mutations

You have a pair of small antennae on your head.


Message History

The giant cockroach misses you. The giant cockroach closely misses you.
You see here a giant cockroach corpse.
The giant cockroach barely misses you. x2
The giant cockroach barely misses you. x2
The giant cockroach bites you but does no damage. x3
The giant cockroach barely misses you.
You see here 12 arrows.
You closely miss the giant cockroach. The giant cockroach bites you.
* * * LOW HITPOINT WARNING * * *
The giant cockroach bites you but does no damage.
The giant cockroach closely misses you.
You hit the giant cockroach.
The giant cockroach is severely wounded.
The giant cockroach closely misses you. The giant cockroach barely misses you.
The giant cockroach bites you but does no damage.
The giant cockroach barely misses you. The giant cockroach bites you.
* * * LOW HITPOINT WARNING * * *
The giant cockroach bites you but does no damage.
The giant cockroach closely misses you. The giant cockroach bites you.
You die...

#...# ####.# ##### #....#
######.#### ####...##.#
#......##.# ######
#......##.###...[##
#......##.##....[.##
#......##.#..sss...#
#..<...##.#..s@s...# #
#......##.#.ssss...#..###
............#...s.†........
..####...#####......#######
## #......# ##...?##
#......# ###### #......#
#>.....# .........


You could see 10 giant cockroaches.

Vanquished Creatures
  An adder (D:2)
  A leopard gecko (D:1)
  2 giant cockroaches
  5 goblins
  3 hobgoblins
  2 jackals (D:2)
  5 bats (D:1)
  2 frilled lizards (D:1)
  4 kobolds (D:1)
  6 rats
31 creatures vanquished.

Vanquished Creatures (collateral kills)
  A goblin (D:1)
  A frilled lizard (D:2)
  A rat (D:2)
3 creatures vanquished.

Grand Total: 34 creatures vanquished

Notes
Turn   | Place    | Note
-------+----------+-------------------------------------------
     0 | D:1      | funkygono the Demonspawn Necromancer began the quest for
                  | the Orb.
     0 | D:1      | Reached XP level 1. HP: 13/13 MP: 3/3
   580 | D:1      | Gained mutation: You have a pair of small antennae on your
                  | head. [demonic ancestry]
   580 | D:1      | Reached XP level 2. HP: 19/19 MP: 3/5
   583 | D:1      | Learned a level 1 spell: Animate Skeleton
   676 | D:1      | Reached skill level 5 in Necromancy
  1294 | D:2      | Reached XP level 3. HP: 21/24 MP: 4/6
  1375 | D:2      | Slain by a giant cockroach

Skill      XL: |  1  2 |
---------------+-------+-----
Necromancy     | 5 |  5.3
Stealth        | 2 |  2.0
Dodging        | |  1.8
Spellcasting   | |  2.3

Action                   || total
-------------------------++-------
Melee: Unarmed           ||     2
       Club              ||    28
 Cast: Pain              ||    50
       Animate Skeleton  ||     6
 Stab: Sleeping          ||     1
  Eat: Chunk             ||     2
Armor: Robe              ||    13
Dodge: Dodged            ||    54
